 Dungeon Crawl Stone Soup version 0.31-a0-1025-g2e47921a08 (webtiles) character file.

Game seed: 1982423582051150318

7197 Maratek the Spear-Bearer (level 10, 0/90 HPs)
             Began as a Minotaur Fighter on Nov 17, 2023.
             Was a Believer of Qazlal.
             Succumbed to a reaper's poison
             ... on level 2 of the Abyss.
             The game lasted 00:12:40 (7772 turns).

Maratek the Spear-Bearer (Minotaur Fighter)         Turns: 7772, Time: 00:12:44

Health: 0/90       AC: 21    Str: 25    XL:     10   Next: 87%
Magic:  9/9        EV:  7    Int:  5    God:    Qazlal [**....]
Gold:   413        SH: 14    Dex: 10    Spells: 9/9 levels left

rFire   . . .        d - +2 spear (venom)
rCold   . . .        c - +0 buckler
rNeg    + . .        e - +1 plate armour
rPois   .            (helmet restricted)
rElec   .            (no cloak)
rCorr   .            (no gloves)
SInv    .            l - +0 pair of boots
Will    .....        m - amulet of reflection Stlth
                     i - ring of positive energy
HPRegen 0.35/turn    s - +4 ring of protection
MPRegen 0.11/turn

%: reflection
@: lethally poisoned (0 -> -43), about to teleport
A: horns 2, retaliatory headbutt, no potion heal 1
a: Renounce Religion, Upheaval


You were on level 2 of the Abyss.
You worshipped Qazlal.
Qazlal was pleased with you.
You visited 2 branches of the dungeon, and saw 10 of its levels.
You visited the Abyss 1 time.
You also visited: Bailey.

You collected 413 gold pieces.

Inventory:

Hand Weapons
 a - a +1 trident of freezing
 d - a +2 spear of venom (weapon)
Armour
 c - a +0 buckler (worn)
 e - a +1 plate armour (worn)
 l - a +0 pair of boots (worn)
Jewellery
 i - a ring of positive energy (left hand)
 m - an amulet of reflection (around neck)
 q - a ring of fire
 s - a +4 ring of protection (right hand)
Wands
 g - a wand of digging (5)
 p - a wand of roots (19)
Scrolls
 j - a scroll of fear
 r - a scroll of teleportation
 t - a scroll of summoning {unknown}
 y - 2 scrolls of revelation
 A - a scroll of identify
Potions
 b - a potion of curing
 f - 3 potions of mutation
 h - 4 potions of might
 k - 4 potions of heal wounds
 n - 4 potions of lignification {unknown}
 o - 4 potions of attraction {unknown}
 u - a potion of invisibility {unknown}
 v - a potion of enlightenment {unknown}
 w - 2 potions of brilliance {unknown}
 x - a potion of haste {unknown}
 z - 2 potions of magic {unknown}


   Skills:
 + Level 8.7 Fighting
 + Level 12.8 Polearms
 + Level 10.4 Armour
 + Level 1.4 Dodging
 + Level 0.5 Stealth
 + Level 9.6 Shields


You had 9 spell levels left.
You didn't know any spells.
Your spell library contained the following spells:

 Spells                   Type           Power      Damage    Failure   Level
 Apportation              Tloc           0%         N/A       99%         1
 Freeze                   Ice            0%         1d3       99%         1
 Kiss of Death            Conj/Necr      0%         2d5       99%         1
 Necrotise                Necr           0%         1d4       99%         1
 Summon Small Mammal      Summ           0%         N/A       99%         1
 Blink                    Tloc           0%         N/A       100%        2
 Lesser Beckoning         Tloc           0%         N/A       100%        2
 Momentum Strike          Conj/Tloc      0%         3d8       100%        2
 Call Canine Familiar     Summ           0%         N/A       100%        3
 Confusing Touch          Hex            0%         N/A       100%        3
 Frozen Ramparts          Ice            0%         1d1       100%        3
 Hailstorm                Conj/Ice       0%         3d3       100%        3
 Summon Guardian Golem    Hex/Summ       0%         N/A       100%        3
 Dispel Undead            Necr           0%         3d6       100%        4


Dungeon Overview and Level Annotations

Branches:
Dungeon (9/15)             Temple (1/1) D:6          Bailey (visited)
   Lair: D:8-11         Orc: D:9-12

Altars:
Ashenzari
Cheibriados
Elyvilon
Fedhas
Gozag
Hepliaklqana
Kikubaaqudgha
Makhleb
Nemelex Xobeh
Okawaru
Qazlal
Ru
Sif Muna
Trog
Uskayaw
Vehumet
Wu Jian
Xom
Yredelemnul
Zin
The Shining One

Annotations:
D:9 Erolcha


Innate Abilities, Weirdness & Mutations

You have a pair of horns on your head.
You reflexively headbutt those who attack you in melee.
Potions are less effective at restoring your health.


Message History

You barely miss the neqoxec. You headbutt the neqoxec.
The neqoxec is heavily wounded.
You block the neqoxec's attack.
You closely miss the neqoxec.
The neqoxec is heavily wounded.
You hit the neqoxec.
The neqoxec is severely wounded.
The neqoxec hits you!
You closely miss the neqoxec. You headbutt the neqoxec.
The neqoxec is severely wounded.
You barely miss the neqoxec. Your headbutt misses the neqoxec.
The neqoxec is severely wounded.
The neqoxec hits you but does no damage.
You hit the neqoxec.
The neqoxec is almost dead.
You hit the neqoxec but do no damage.
The neqoxec is almost dead.
The neqoxec barely misses you. You furiously retaliate!
You headbutt the neqoxec!
You kill the neqoxec!
Qazlal accepts your kill.
No target in view!
A reaper comes into view. It is wielding a +1 scythe of venom.
The reaper hits you from afar with a +1 scythe of venom!!
You are poisoned.
You reach to attack!
You closely miss the reaper.
You feel very sick.
You reach to attack!
You barely miss the reaper.
You feel very sick. You block the reaper's attack.
You reach to attack!
You hit the reaper but do no damage.
You feel sick.
You feel very sick.
You feel very sick.
The reaper hits you from afar with a +1 scythe of venom!!
* * * LOW HITPOINT WARNING * * *
You are more poisoned.
As you read the scroll of teleportation, it crumbles to dust.
You feel strangely unstable.
You feel the power of the Abyss delaying your translocation!
You die...

......... # .
.. ......#.. .
#..#~..#. # ...
# .. .. #..
#..#### #..#..#
....# #. # .#..
##2.# #.. .
#.#.#...# .#.
.#....@..#
#.........##.##
..~ .#...# .#..
# ##..#.. ...#
.. #....#..
##.. . . ..#
.#.. #.# ~. .
## ... # ## .
.#.. .. . #.#


You could see a reaper.

Vanquished Creatures
  Pikel (D:4)
  Joseph (D:7)
  An apocalypse crab (Abyss:1)
  Maggie (D:8)
  A shadow (D:9)
  A vampire (D:9)
  A ynoxinul (Abyss:2)
  5 yaks (D:9)
  Sigmund (D:4)
  A wraith (Abyss:1)
  A wyvern (D:8)
  A small abomination (Abyss:1)
  A hog (shapeshifter) (Abyss:1)
  2 steam dragons (D:8)
  2 neqoxecs (Abyss:2)
  Edmund (D:4)
  2 water moccasins
  9 orc warriors (Bailey)
  A sky beast (D:7)
  2 ice beasts (D:5)
  An ogre (D:4)
  2 black bears (D:7)
  2 centaurs
  A lemure (D:4)
  A kobold brigand (D:9)
  Blork the orc (D:4)
  A gnoll sergeant (D:5)
  4 bullfrogs
  5 scorpions
  2 electric eels (D:8)
  2 jellies
  A gnoll bouda (D:5)
  2 orc priests
  A sleepcap (D:5)
  9 orc wizards
  Terence (D:2)
  Robin (D:2)
  11 gnolls
  4 adders
  A shadow imp (D:7)
  2 white imps (D:6)
  A worm (D:4)
  2 dart slugs (D:4)
  32 orcs
  4 endoplasms
  5 giant cockroaches
  24 goblins
  19 hobgoblins
  4 jackals (D:3)
  19 kobolds
  2 quokkas (D:1)
  7 ball pythons
  2 frilled lizards
  8 rats
220 creatures vanquished.

Notes
Turn   | Place    | Note
-------+----------+-------------------------------------------
     0 | D:1      | Maratek the Minotaur Fighter began the quest for the Orb.
     0 | D:1      | Reached XP level 1. HP: 19/19 MP: 0/0
   226 | D:1      | Reached XP level 2. HP: 27/27 MP: 1/1
   720 | D:2      | Reached XP level 3. HP: 24/33 MP: 2/2
   773 | D:2      | Reached skill level 3 in Polearms
   791 | D:2      | Noticed Robin
   806 | D:2      | Killed Robin
  1252 | D:2      | Noticed Terence
  1264 | D:2      | Killed Terence
  1265 | D:2      | Reached skill level 4 in Polearms
  1265 | D:2      | Reached XP level 4. HP: 40/40 MP: 3/3
  1602 | D:3      | You fall into a shaft and drop 3 floors!
  1687 | D:6      | Reached XP level 5. HP: 46/47 MP: 4/4
  1738 | D:6      | Found an iron altar of Okawaru.
  1766 | D:6      | Reached skill level 5 in Polearms
  1850 | D:6      | Found an ornate altar of the Wu Jian Council.
  1851 | D:6      | Found a hide-covered altar of Uskayaw.
  1851 | D:6      | Found a shimmering altar of Xom.
  2008 | D:5      | Entered Level 5 of the Dungeon
  2076 | D:5      | Noticed an ice beast
  2082 | D:5      | Killed an ice beast
  2083 | D:5      | Reached skill level 5 in Fighting
  2083 | D:5      | Reached skill level 5 in Armour
  2083 | D:5      | Reached XP level 6. HP: 44/56 MP: 5/5
  2125 | D:5      | Reached skill level 6 in Polearms
  2374 | D:5      | Reached XP level 7. HP: 13/61 MP: 6/6
  2571 | D:5      | Reached skill level 7 in Polearms
  2623 | D:5      | Reached skill level 5 in Shields
  2855 | D:4      | Found a sacrificial altar of Ru.
  2885 | D:4      | Noticed Blork the orc
  2892 | D:4      | Killed Blork the orc
  2893 | D:4      | Reached XP level 8. HP: 62/70 MP: 7/7
  3002 | D:3      | Reached skill level 8 in Polearms
  3215 | D:4      | Found a white marble altar of Elyvilon.
  3238 | D:4      | Noticed Pikel
  3252 | D:4      | Killed Pikel
  3324 | D:4      | Reached skill level 9 in Polearms
  3600 | D:4      | Noticed Edmund
  3613 | D:4      | Killed Edmund
  3676 | D:4      | Noticed Sigmund
  3682 | D:4      | Killed Sigmund
  3814 | D:4      | Found a broken altar of Ashenzari.
  3900 | D:5      | Reached XP level 9. HP: 65/78 MP: 8/8
  4134 | D:5      | Identified the +3 scale mail of the Red Skies {Harm rPois
                  | Regen+ Str-5}
  4459 | D:6      | Found a staircase to the Ecumenical Temple.
  4723 | Temple   | Entered the Ecumenical Temple
  4772 | Temple   | Became a worshipper of Qazlal Stormbringer
  4967 | D:7      | Reached skill level 10 in Polearms
  5212 | D:7      | Found a flagged portal.
  5241 | Bailey   | Entered a bailey
  5281 | Bailey   | Reached * piety under Qazlal
  5661 | Bailey   | Reached ** piety under Qazlal
  5711 | Bailey   | Noticed an orc warlord
  5846 | D:7      | Reached skill level 11 in Polearms
  5940 | D:7      | Noticed Joseph
  5956 | D:7      | Killed Joseph
  5957 | D:7      | Reached skill level 1 in Dodging
  5993 | D:7      | Reached XP level 10. HP: 88/88 MP: 9/9
  6876 | D:8      | Noticed Maggie
  6893 | D:8      | Killed Maggie
  7063 | D:9      | Reached skill level 12 in Polearms
  7460 | D:9      | Noticed Erolcha
  7470 | Abyss:1  | Cast into level 1 of the Abyss (Erolcha)
  7495 | Abyss:1  | Found a corrupted altar of Lugonu.
  7538 | Abyss:1  | Noticed an apocalypse crab
  7544 | Abyss:1  | Killed an apocalypse crab
  7545 | Abyss:1  | Reached skill level 10 in Armour
  7640 | Abyss:1  | Noticed a large abomination
  7661 | Abyss:2  | Gained mutation: Potions are less effective at restoring
                  | your health. [a neqoxec]
  7765 | Abyss:2  | Noticed a reaper
  7772 | Abyss:2  | Succumbed to a reaper's poison

Illustrated notes

Levels and vault maps discovered:
D:1:      psy_arrival_dodecagon, layout_basic
D:2:      layout_loops_cross, uniq_robin, uniq_terence
D:3:      layout_rooms, serial_bayou_ford_a
D:4:      layout_basic, mainiacjoe_overflow_brackets, elyvilon_altar_1,
          nicolae_ru_awakened_eye, sigmund_edmund_badplayer, uniq_pikel,
          uniq_blork_the_orc
D:5:      layout_cave_pods, nicolae_grassy_gnolls
D:6:      layout_loops_cross, chequers_temple_overflow_statue_of_worship,
          mainiacjoe_overflow_24_doors, temple_hall
D:7:      layout_gridville, enter_bailey_3, uniq_joseph
D:8:      layout_loops_cross, serial_bayou_lagoon_a, uniq_maggie
D:9:      layout_loops_cross, marbit_many_paths, uniq_erolcha
Temple:   nicolae_temple_superstar
Abyss:2:  base: D:7, minivault_25_ag

Skill      XL: |  1  2  3  4  5  6  7  8  9 10 |
---------------+-------------------------------+-----
Fighting       | 4 5 6 7 8 |  8.7
Armour         | 4 5 6 7 8 10 | 10.4
Polearms       | 4 5 6 7 9 11 12 | 12.8
Shields        | 4 5 6 8 9 |  9.6
Dodging        | 1 |  1.4
Stealth        | |  0.5

Action                     |  1- 3 |  4- 6 |  7- 9 | 10-12 || total
---------------------------+-------+-------+-------+-------++-------
  Melee: Trident           |   103 |   119 |     6 |       ||   228
         Headbutt          |    10 |    15 |    60 |    43 ||   128
         Spear             |       |       |   372 |   218 ||   590
    Use: Scroll            |     1 |     5 |     8 |     4 ||    18
         Potion            |       |       |     3 |       ||     3
 Armour: Scale mail        |     7 |       |       |       ||     7
         Plate armour      |    52 |    76 |   110 |    76 ||   314
  Dodge: Dodged            |    22 |    23 |    45 |    26 ||   116
  Block: Buckler           |    15 |    42 |   105 |    49 ||   211
         Reflection        |       |       |     9 |       ||     9

Table legend: (Time is in decaauts)
 A = Elapsed time spent in this place.
 B = Non-inter-level travel time spent in this place.
 C = Inter-level travel time spent in this place.
 D = Time resting spent in this place.
 E = Time spent auto-exploring this place.
 F = Levels seen in this place.
 G = Mean time per level.
                   A        B        C        D        E       F      G
               +--------+--------+--------+--------+--------+-----+--------+
         Total |   7574 |   7098 |    476 |    141 |   5581 |  13 |  582.6 |
       Dungeon |   6794 |   6388 |    406 |    141 |   5112 |   9 |  754.9 |
        Temple |     72 |      2 |     70 |      0 |      0 |   1 |   72.0 |
         Abyss |    276 |    276 |      0 |      0 |    153 |   2 |  138.0 |
        Bailey |    431 |    431 |      0 |      0 |    316 |   1 |  431.0 |
               +--------+--------+--------+--------+--------+-----+--------+

Top non-repeatable levels by time:
     D:5: 1318 daAuts
     D:8: 877 daAuts
     D:6: 817 daAuts
     D:4: 790 daAuts
     D:7: 773 daAuts
     D:2: 708 daAuts
     D:1: 696 daAuts
  Bailey: 431 daAuts
     D:3: 423 daAuts
     D:9: 388 daAuts
 Abyss:1: 166 daAuts
 Abyss:2: 109 daAuts
  Temple: 72 daAuts
